 Dungeon Crawl Stone Soup version 0.28-a0-265-g048bc9fd10 (webtiles) character file.

Game seed: 7796679658533516458

34 theanonym the Cudgeller (level 3, -1/24 HPs)
             Began as a Gargoyle Chaos Knight on Aug 27, 2021.
             Was a Plaything of Xom.
             Slain by an iguana (10 damage)
             ... on level 2 of the Dungeon.
             The game lasted 00:00:55 (1341 turns).

theanonym the Cudgeller (Gargoyle Chaos Knight)     Turns: 1341, Time: 00:00:55

Health: -1/24      AC:  9    Str: 16    XL:     3   Next: 31%
Magic:  3/3        EV: 11    Int: 12    God:    Xom [.*....]
Gold:   54         SH:  0    Dex:  9    Spells: 2/2 levels left

rFire   . . .      SeeInvis .   a - +0 mace (chaos)
rCold   . . .      Faith    .   (no shield)
rNeg    + . .      Spirit   .   b - +2 leather armour
rPois   ∞          Reflect  .   f - +0 helmet
rElec   +          Harm     .   (no cloak)
rCorr   .          Rampage  .   (no gloves)
Will    .....                   (no boots)
Stlth   +.........              (no amulet)
HPRegen 0.08/turn               (no ring)
MPRegen 0.08/turn               (no ring)

@: no status effects
A: sickness immunity, AC +3, negative energy resistance 1, electricity
resistance, torment resistance 1, petrification resistance
a: Renounce Religion


Innate Abilities, Weirdness & Mutations

You are immune to sickness and miasma.
Your stone body is resilient. (AC +3)
You are immune to poison.
You resist negative energy. (rN+)
You are resistant to electric shocks. (rElec)
You are resistant to unholy torment.
You are immune to petrification.


   Skills:
 + Level 3.8 Fighting
 * Level 3.9 Maces & Flails
 - Level 2.1 Armour
 - Level 0.7 Dodging


You had 2 spell levels left.
You didn't know any spells.
Your spell library contained the following spells:

 Spells                   Type           Power      Damage    Failure   Level
 Ensorcelled Hibernation  Hex/Ice        0%         N/A       52%         2
 Spider Form              Tmut/Pois      0%         N/A       77%         3
 Shadow Creatures         Summ           N/A        N/A       100%        6

Action                   || total
-------------------------++-------
Melee: Mace              ||    63
Armor: Leather armour    ||    29
Dodge: Dodged            ||    38

Inventory:

Hand Weapons
 a - a +0 mace of chaos (weapon)
Armour
 b - a +2 leather armour (worn)
 f - a +0 helmet (worn)
Scrolls
 c - a scroll of immolation {unknown}
 d - a scroll of enchant weapon {unknown}
 e - a scroll of noise {unknown}
 g - a scroll of summoning {unknown}


You were on level 2 of the Dungeon.
You worshipped Xom.
You were a plaything of Xom.
You visited 1 branch of the dungeon, and saw 2 of its levels.

You collected 54 gold pieces.

Dungeon Overview and Level Annotations

Branches:
Dungeon (2/15)

Altars:

##..........#
##..........#..#.#..#.#.
.#..........#...........
^#..........#....#......
............#....#......
#...........#...........
#...........#.(.......#
#.#####+#'#.#.........#
#.. #....#.#...@{..#..
##. #....#.#.........#
.# #....#.#†..........
.# #....#........#<##.
##.###....###.........#
.....+..................
###.##....#........#..#.
# ##.#.#........#..# #
#.#.#.###(...# .#


There were no monsters in sight!

Notes
Turn   | Place    | Note
-------+----------+-------------------------------------------
     0 | D:1      | theanonym the Gargoyle Chaos Knight began the quest for the
                  | Orb.
     0 | D:1      | Reached XP level 1. HP: 14/14 MP: 1/1
    36 | D:1      | XOM: silly message
    77 | D:1      | XOM: silly message
   161 | D:1      | Reached XP level 2. HP: 19/19 MP: 2/2
   421 | D:1      | XOM: silly message
   581 | D:1      | Found a faded altar of an unknown god.
   692 | D:1      | XOM: divination: detect creatures
  1238 | D:2      | Reached XP level 3. HP: 24/24 MP: 3/3
  1338 | D:2      | HP: 9/24 [iguana (7)]
  1341 | D:2      | Slain by an iguana

Vanquished Creatures
  An adder (D:2)
  A dart slug (D:1)
  A ball python (D:2)
  4 bats
  3 endoplasms
  A giant cockroach (D:1)
  A goblin (D:1)
  2 hobgoblins (D:1)
  3 kobolds
  A frilled lizard (D:1)
  2 rats
20 creatures vanquished.

Table legend: (Time is in decaauts)
 A = Elapsed time spent in this place.
 B = Non-inter-level travel time spent in this place.
 C = Inter-level travel time spent in this place.
 D = Time resting spent in this place.
 E = Time spent auto-exploring this place.
 F = Levels seen in this place.
 G = Mean time per level.
                   A        B        C        D        E       F      G
               +--------+--------+--------+--------+--------+-----+--------+
         Total |   1355 |   1320 |     35 |      0 |   1165 |   2 |  677.5 |
       Dungeon |   1355 |   1320 |     35 |      0 |   1165 |   2 |  677.5 |
               +--------+--------+--------+--------+--------+-----+--------+

Top non-repeatable levels by time:
     D:1: 1060 daAuts
     D:2: 295 daAuts
